 Dungeon Crawl Stone Soup version 0.29-a0-330-g52719c12eb (webtiles) character file.

Game seed: 1775380564277015768

112319 dohliylev the Slayer (level 16, -10/261 HPs)
             Began as a Minotaur Berserker on Apr 22, 2022.
             Was a Priest of Trog.
             Mangled by the 25-headed Lernaean hydra (11 damage)
             ... on level 4 of the Swamp.
             The game lasted 01:46:43 (30914 turns).

dohliylev the Slayer (Minotaur Berserker)          Turns: 30914, Time: 01:46:43

Health: -10/261    AC: 15    Str: 43    XL:     16   Next: 11%
Magic:  15/15      EV: 16    Int:  6    God:    Trog [***...]
Gold:   1616       SH: 11    Dex: 16    Spells: 15/15 levels left

rFire   . . .      SeeInvis .   A - +1 broad axe (flame)
rCold   . . .      Faith    .   W - +0 kite shield {reflect}
rNeg    + + .      Spirit   .   B - +0 steam dragon scales
rPois   +          Reflect  +   p - +1 hat
rElec   .          Harm     .   (no cloak)
rCorr   +          Rampage  .   S - +2 pair of gloves {hurl}
Will    +++++      Clarity  +   y - +0 pair of boots of Wiur {Will- Str+5}
Stlth   ..........              d - amulet of the Four Winds {rN+ Will+++ Clar}
HPRegen 1.53/turn               e - ring "Geasapn" {rPois Str+10 Int+2 Dex+4 Slay+3}
MPRegen 0.14/turn               Q - ring "Omponev" {rN+ rCorr Slay+6}

@: berserking, lethally poisoned (-10 -> -11), strong-willed, regenerating, very
quick
A: horns 2, retaliatory headbutt
a: Renounce Religion, Berserk, Trog's Hand


You were on level 4 of the Swamp.
You worshipped Trog.
Trog was most pleased with you.
You visited 5 branches of the dungeon, and saw 24 of its levels.
You visited the Abyss 2 times.
You also visited: Gauntlet and Ice Cave.

You collected 2863 gold pieces.
You spent 1247 gold pieces at shops.

Inventory:

Hand Weapons
 A - a +1 broad axe of flaming (weapon)
 J - a +2 trident of venom
 L - a +1 hand axe of distortion
 P - a +2 spectral hand axe
Armour
 a - a +2 robe of willpower
 f - +2 acid dragon scales
 i - a +0 plate armour
 p - a +1 hat (worn)
 x - a +2 ring mail of fire resistance
 y - the +0 pair of boots of Wiur (worn) {Will- Str+5}
   (You acquired it on level 2 of the Lair of Beasts)

   Str:       It affects your strength (+5).
   Will:      It decreases your willpower.
 B - +0 steam dragon scales (worn)
 I - +0 swamp dragon scales
 S - a +2 pair of gloves of hurling (worn)
 W - a +0 kite shield of reflection (worn)
Jewellery
 d - the amulet of the Four Winds (around neck) {rN+ Will+++ Clar}
   (You found it in a Gauntlet)

   [amulet of nothing]

   rN:        It protects you from negative energy.
   Clar:      It protects you against confusion.
   Will:      It greatly increases your willpower.
 e - the ring "Geasapn" (left hand) {rPois Str+10 Int+2 Dex+4 Slay+3}
   (You found it in a Gauntlet)

   [ring of poison resistance]

   Str:       It affects your strength (+10).
   Int:       It affects your intelligence (+2).
   Dex:       It affects your dexterity (+4).
   Slay:      It affects your accuracy & damage with ranged weapons and melee
   (+3).
   rPois:     It protects you from poison.
 v - a ring of fire
 E - a ring of protection from fire
 F - an amulet of regeneration
 M - a ring of protection from fire
 O - a ring of willpower
 Q - the ring "Omponev" (right hand) {rN+ rCorr Slay+6}
   (You bought it in a shop on level 2 of the Orcish Mines)

   [ring of positive energy]

   Slay:      It affects your accuracy & damage with ranged weapons and melee
   (+6).
   rN:        It protects you from negative energy.
   rCorr:     It protects you from acid and corrosion.
 U - the ring "Fitucwux" {*Corrode Fly MP+9 Str+5 Slay+5}
   (You found it in a Gauntlet)

   [ring of flight]

   Str:       It affects your strength (+5).
   Slay:      It affects your accuracy & damage with ranged weapons and melee
   (+5).
   MP:        It affects your magic capacity (+9).
   Fly:       It grants you flight.
   *Corrode:  It may corrode you when you take damage.
 V - a ring of fire
Wands
 h - a wand of flame (14)
 k - a wand of polymorph (6)
 q - a wand of mindburst (20)
 z - a wand of digging (20)
Scrolls
 b - 4 scrolls of enchant armour
 c - a scroll of silence
 g - 4 scrolls of magic mapping
 l - 3 scrolls of identify
 n - 7 scrolls of teleportation
 o - 7 scrolls of fog
 s - 3 scrolls of enchant weapon
 D - a scroll of summoning
 G - 6 scrolls of fear
 R - a scroll of torment {unknown}
Potions
 j - 10 potions of curing
 m - 2 potions of flight
 r - a potion of heal wounds
 t - 3 potions of might
 u - a potion of lignification {unknown}
 w - 3 potions of attraction {unknown}
 C - 2 potions of haste
 H - a potion of ambrosia {unknown}
 N - a potion of cancellation {unknown}
 T - 5 potions of resistance {unknown}
Miscellaneous
 K - a box of beasts


   Skills:
 + Level 23.9 Fighting
 - Level 14.9 Axes
 - Level 16.2 Armour
 + Level 9.8 Dodging
 + Level 7.4 Shields


You had 15 spell levels left.
You didn't know any spells.
Your spell library was empty.

Dungeon Overview and Level Annotations

Branches:
Dungeon (11/15)            Temple (0/1) D:4            Lair (6/6) D:11
  Swamp (4/4) Lair:4        Snake (1/4) Lair:4        Slime (0/5) Lair:6
    Orc (2/2) D:10            Elf (0/3) Orc:2         IceCv (visited)
Gauntlet (visited)

Altars:
Ashenzari
Dithmenos
Hepliaklqana
Kikubaaqudgha
Okawaru
Sif Muna
Trog
Yredelemnul
Zin
Jiyva

Shops:
D:6 (   D:7 :   D:9 [**=(   D:11 (   Orc:2 *=(:[

Portals:
Trove: D:10 (show slimy rune of Zot)

Annotations:
Swamp:4 Lernaean hydra


Innate Abilities, Weirdness & Mutations

You have a pair of horns on your head.
You reflexively headbutt those who attack you in melee.


Message History

The 26-headed Lernaean hydra bites you.
* * * LOW HITPOINT WARNING * * *
The 26-headed Lernaean hydra bites you!
* * * LOW HITPOINT WARNING * * *
The 26-headed Lernaean hydra bites you but does no damage.
The 26-headed Lernaean hydra misses you.
The 26-headed Lernaean hydra barely misses you.
The 26-headed Lernaean hydra bites you but does no damage. x2
The 26-headed Lernaean hydra bites you!
* * * LOW HITPOINT WARNING * * *
The 26-headed Lernaean hydra bites you.
* * * LOW HITPOINT WARNING * * *
The 26-headed Lernaean hydra misses you.
The 26-headed Lernaean hydra bites you but does no damage.
The 26-headed Lernaean hydra bites you!
* * * LOW HITPOINT WARNING * * *
The 26-headed Lernaean hydra bites you but does no damage. x2
The 26-headed Lernaean hydra bites you.
* * * LOW HITPOINT WARNING * * *
You lop one of the 26-headed Lernaean hydra's heads off!
The flame cauterises the wound!
You slash the 25-headed Lernaean hydra! You burn the 25-headed Lernaean hydra.
You headbutt the 25-headed Lernaean hydra!!
The 25-headed Lernaean hydra is moderately wounded.
You barely miss the five-headed hydra.
You feel sick. The 25-headed Lernaean hydra bites you!
* * * LOW HITPOINT WARNING * * *
The 25-headed Lernaean hydra bites you.
* * * LOW HITPOINT WARNING * * *
The 25-headed Lernaean hydra misses you.
The 25-headed Lernaean hydra bites you but does no damage.
The 25-headed Lernaean hydra bites you!
* * * LOW HITPOINT WARNING * * *
The 25-headed Lernaean hydra bites you but does no damage. x2
The 25-headed Lernaean hydra bites you.
* * * LOW HITPOINT WARNING * * *
You block the 25-headed Lernaean hydra's attack.
The 25-headed Lernaean hydra completely misses you. x2
The 25-headed Lernaean hydra bites you!
You die...

.≈≈.♣♣ .≈.## .'.(..
≈≈≈≈≈♣ ♣♣.≈≈####'#....
.≈≈≈.♣♣♣♣≈≈≈≈.≈≈....8≈.
.†≈≈.♣..♣≈≈≈≈#.8.(.8..
.≈♣♣♣.≈≈....≈...≈○... #
♣♣♣♣.≈≈≈≈≈.≈≈#≈P..# .⌠
.♣♣≈≈♣.≈≈≈≈≈....D.##.###
≈≈♣≈♣♣♣♣≈≈≈....○D.....⌠#
≈≈...≈♣♣♣♣≈.≈.≈.@..≈...#
≈≈.≈≈≈.♣...≈≈#.8D8.(...#
≈≈.≈≈÷.≈≈≈§≈≈#......(...
..≈♣♣♣.[..≈≈≈####'#....#
...≈..<.≈≈≈≈## .'.(..#
≈..≈.≈≈≈≈≈≈≈# .#≈.≈.#
≈....≈≈≈≈≈≈≈# .#≈(...
..≈....≈≈≈≈≈# .# §...
≈.≈≈≈♣≈≈≈.♣≈##


You could see the 25-headed Lernaean hydra, a five-headed hydra and a swamp
dragon.

Vanquished Creatures
  A lich (Abyss:3)
  A tentacled starspawn (Abyss:2)
  A thorn hunter (Swamp:4)
  A revenant (Abyss:3)
  Kirke (Lair:6)
  Donald (Swamp:3)
  Roxanne (Swamp:3)
  Louise (Swamp:3)
  Aizul (Swamp:2)
  4 eleionomae
  A bunyip (Swamp:4)
  A minotaur (Gauntlet)
  2 fire dragons (Lair:6)
  An ice dragon (IceCv)
  3 shambling mangroves
  21 hydras
  A boulder beetle (Orc:1)
  3 two-headed ogres
  7 thrashing horrors
  8 alligators
  8 death yaks (Lair:6)
  3 orc high priests (Orc:2)
  Urug (Lair:4)
  Sonja (Lair:5)
  A wretched star (Abyss:3)
  A bunyip zombie (Abyss:3)
  A death drake (Swamp:4)
  3 goliath frogs
  A spatial maelstrom (Abyss:2)
  9 swamp dragons
  An obsidian statue (Gauntlet)
  3 spriggan druids
  8 bog bodies (Swamp:4)
  A lindwurm (Lair:6)
  A manticore (D:11)
  2 worldbinders (Abyss:2)
  5 oklob plants
  A will-o-the-wisp (Swamp:2)
  2 orc sorcerers (Orc:2)
  A cyclops (D:11)
  A moth of wrath (Gauntlet)
  4 large abominations
  2 ice statues (IceCv)
  20 elephants
  An apocalypse crab (Abyss:3)
  6 black mambas
  Maggie (D:7)
  6 torpor snails (Lair:6)
  A smoke demon (Abyss:3)
  8 cane toads
  A demonic crawler (Abyss:3)
  A kobold demonologist (D:9)
  4 rime drakes (IceCv)
  2 ancient zymes
  13 komodo dragons
  14 hornets
  3 trolls
  14 tyrant leeches
  A polar bear (Lair:4)
  9 blink frogs
  6 raiju
  11 dream sheep
  Prince Ribbit (D:7)
  13 starcursed masses
  3 shadows
  A flying skull (Abyss:2)
  A wraith (D:11)
  3 spriggans
  Sigmund (D:5)
  2 ynoxinuls
  27 yaks
  5 wyverns
  4 redbacks (Gauntlet)
  2 basilisks
  2 chaos spawn (Abyss:2)
  5 steam dragons
  5 hogs (Lair:6)
  2 small abominations (Abyss:3)
  A naga zombie (Abyss:3)
  Menkaure (D:6)
  13 swamp worms
  A warg (Orc:1)
  6 nagas (Lair:4)
  5 acid dragons
  Edmund (D:5)
  11 water moccasins
  20 orc warriors
  14 swamp drakes
  An ice beast (D:7)
  4 ogres
  15 wolves
  2 centaurs (D:10)
  3 phantoms
  4 kobold brigands
  17 bullfrogs
  A gnoll sergeant (D:7)
  2 scorpions
  22 wights
  12 killer bees
  5 lindwurm simulacra (IceCv)
  3 electric eels (D:9)
  4 howler monkeys
  5 komodo dragon simulacra (IceCv)
  A quasit (Abyss:2)
  29 orc priests
  2 hounds
  3 jellies
  4 iron imps
  12 iguanas
  22 orc wizards
  10 gnolls
  7 acid dragon simulacra (IceCv)
  9 adders
  13 white imps
  An ufetubus (Abyss:3)
  4 steam dragon simulacra (IceCv)
  3 worms
  2 dart slugs
  60 orcs
  2 bats
  4 endoplasms
  2 giant cockroaches (D:1)
  4 goblins
  3 hobgoblins
  8 jackals
  8 ball pythons
  A frilled lizard (D:2)
  24 kobolds
  4 rats
  4 briar patches (Swamp:4)
  A lurking horror (Abyss:3)
  A plant (Lair:6)
  2 starspawn tentacles (Abyss:2)
744 creatures vanquished.

Vanquished Creatures (collateral kills)
  A spriggan (Swamp:3)
  A will-o-the-wisp (Swamp:3)
  A hornet (Swamp:3)
3 creatures vanquished.

Vanquished Creatures (others)
  An orc high priest (Orc:2)
  A will-o-the-wisp (Swamp:3)
  4 bloated husks
  A swamp drake (Swamp:3)
  An ogre (D:10)
  4 briar patches (Swamp:4)
  2 bushes
  3 demonic plants (Gauntlet)
  17 foxfires
  39 fungi
  133 plants
  2 starspawn tentacles (Abyss:2)
208 creatures vanquished.

Grand Total: 955 creatures vanquished

Notes
Turn   | Place    | Note
-------+----------+-------------------------------------------
     0 | D:1      | dohliylev the Minotaur Berserker began the quest for the
                  | Orb.
     0 | D:1      | Reached XP level 1. HP: 19/19 MP: 0/0
   150 | D:1      | Found a faded altar of an unknown god.
   247 | D:1      | Reached XP level 2. HP: 27/27 MP: 1/1
  1206 | D:2      | Reached skill level 4 in Fighting
  1818 | D:2      | Reached XP level 3. HP: 33/33 MP: 2/2
  2220 | D:3      | Reached ** piety under Trog
  2400 | D:3      | Reached XP level 4. HP: 40/40 MP: 3/3
  2410 | D:3      | Reached skill level 5 in Axes
  2709 | D:4      | Noticed a scorpion
  2715 | D:4      | Killed a scorpion
  2719 | D:4      | Reached XP level 5. HP: 47/47 MP: 4/4
  3399 | D:4      | Reached XP level 6. HP: 47/55 MP: 5/5
  3623 | D:4      | Found a staircase to the Ecumenical Temple.
  3740 | D:4      | Noticed an orc warrior
  3789 | D:5      | Entered Level 5 of the Dungeon
  3797 | D:5      | Reached skill level 5 in Fighting
  3797 | D:5      | Reached skill level 5 in Armour
  3984 | D:5      | Reached XP level 7. HP: 54/61 MP: 6/6
  4459 | D:5      | Noticed Sigmund
  4466 | D:5      | Killed Sigmund
  4467 | D:5      | Reached skill level 6 in Fighting
  4482 | D:5      | Noticed Edmund
  4488 | D:5      | Killed Edmund
  4489 | D:5      | Reached XP level 8. HP: 70/70 MP: 7/7
  4716 | D:6      | Found Tiat's Weapon Emporium.
  4793 | D:6      | Found a broken altar of Ashenzari.
  4963 | D:6      | Noticed Menkaure
  4971 | D:6      | Killed Menkaure
  4981 | D:6      | Reached skill level 7 in Fighting
  5375 | D:6      | Found a glowing silver altar of Zin.
  5673 | D:7      | Noticed a two-headed ogre
  5682 | D:7      | Killed a two-headed ogre
  5683 | D:7      | Reached skill level 10 in Axes
  5683 | D:7      | Reached XP level 9. HP: 58/81 MP: 8/8
  5706 | D:7      | Reached skill level 8 in Fighting
  5952 | D:7      | Found an iron altar of Okawaru.
  5952 | D:7      | Found a basalt altar of Yredelemnul.
  5954 | D:7      | Found a bloodstained altar of Trog.
  5954 | D:7      | Found a shadowy altar of Dithmenos.
  5980 | D:7      | Noticed Maggie
  5990 | D:7      | Killed Maggie
  6259 | D:7      | Reached skill level 9 in Fighting
  6507 | D:7      | Found Qoxty's Book Boutique.
  6716 | D:7      | Noticed Prince Ribbit
  6738 | D:7      | Killed Prince Ribbit
  6739 | D:7      | Reached XP level 10. HP: 58/91 MP: 9/9
  7776 | D:8      | Reached skill level 10 in Armour
  7920 | D:8      | Found an ancient bone altar of Kikubaaqudgha.
  7921 | D:8      | Found a hazy altar of Hepliaklqana.
  8403 | D:9      | Found Keeho's General Store.
  8532 | D:9      | Found Ematigh's Weapon Emporium.
  8581 | D:9      | Found Qudwul's Jewellery Shoppe.
  8586 | D:9      | Bought an amulet of reflection for 330 gold pieces
  9124 | D:9      | Found Jintouc's Armour Shoppe.
  9127 | D:9      | Bought a +0 pair of gloves for 54 gold pieces
  9127 | D:9      | Bought a +0 pair of boots for 54 gold pieces
  9166 | D:9      | Reached skill level 10 in Fighting
  9235 | D:9      | Found Bokiskai's Assorted Antiques.
  9245 | D:9      | Reached skill level 1 in Shields
  9298 | D:10     | Entered Level 10 of the Dungeon
  9385 | D:10     | Found a portal to a secret trove of treasure.
  9409 | D:10     | Reached *** piety under Trog
  9682 | D:10     | Reached XP level 11. HP: 101/101 MP: 10/10
  9739 | D:10     | Noticed a two-headed ogre
  9750 | D:10     | Killed a two-headed ogre
 10342 | D:10     | Found a staircase to the Orcish Mines.
 10360 | D:10     | Identified the +0 animal skin "Baruoropo" {Int+3}
 11064 | D:11     | Found a staircase to the Lair.
 11067 | D:11     | Noticed an oklob plant
 11081 | D:11     | Killed an oklob plant
 11107 | D:11     | Found Boizaom's Weapon Emporium.
 11223 | D:11     | Noticed a seven-headed hydra
 11241 | D:11     | Killed a 15-headed hydra
 11242 | D:11     | Reached skill level 11 in Fighting
 11669 | D:11     | Noticed a two-headed ogre
 11675 | D:11     | Killed a two-headed ogre
 11945 | Lair:1   | Entered Level 1 of the Lair of Beasts
 11995 | Lair:1   | Found a frozen archway.
 12062 | IceCv    | Entered an ice cave
 12723 | IceCv    | Noticed an ice dragon
 12755 | IceCv    | Killed an ice dragon
 12756 | IceCv    | Reached skill level 5 in Shields
 12756 | IceCv    | Reached XP level 12. HP: 87/112 MP: 11/11
 14254 | Lair:1   | Reached skill level 12 in Fighting
 15471 | Lair:2   | Identified a scroll of acquirement
 15477 | Lair:2   | Acquired the +0 pair of boots of Wiur {Will- Str+5}
 15583 | Lair:2   | Noticed an eight-headed hydra
 15606 | Lair:2   | Killed a 20-headed hydra
 15823 | Orc:1    | Entered Level 1 of the Orcish Mines
 15881 | Orc:2    | Entered Level 2 of the Orcish Mines
 15896 | Orc:2    | Found a staircase to the Elven Halls.
 15979 | Orc:2    | Noticed an orc high priest
 16129 | Orc:2    | Killed an orc high priest
 16130 | Orc:2    | Reached skill level 13 in Fighting
 16130 | Orc:2    | Reached skill level 15 in Armour
 16241 | Orc:2    | Noticed an orc high priest
 16250 | Orc:2    | Killed an orc high priest
 16300 | Orc:2    | Noticed an orc high priest
 16304 | Orc:2    | Reached **** piety under Trog
 16315 | Orc:2    | Killed an orc high priest
 16331 | Orc:2    | Found Eiwkusioth's Eclectic Emporium.
 16392 | Orc:2    | Paralysed by an orc sorcerer for 3 turns
 16405 | Orc:2    | Cast into level 2 of the Abyss (unwielding a weapon of
                  | distortion)
 16496 | Abyss:2  | Noticed a tentacled starspawn
 16531 | Abyss:2  | Killed a tentacled starspawn
 16545 | Abyss:2  | Noticed a starcursed mass
 16748 | Orc:2    | Escaped the Abyss
 16769 | Orc:2    | Noticed an orc high priest
 16778 | Orc:2    | Killed an orc high priest
 16779 | Orc:2    | Reached skill level 14 in Fighting
 17104 | Orc:2    | Found Omaoq's Book Emporium.
 17104 | Orc:2    | Found Yraesa's Jewellery Shoppe.
 17105 | Orc:2    | Found Akohev's Antique Weapon Shoppe.
 17108 | Orc:2    | Found Ariokim's Antique Armour Emporium.
 17112 | Orc:2    | Bought the ring "Omponev" {rN+ rCorr Slay+6} for 809 gold
                  | pieces
 17285 | Orc:1    | Noticed a boulder beetle
 17320 | Orc:1    | Killed a boulder beetle
 18111 | Lair:2   | Noticed a four-headed hydra
 18118 | Lair:2   | Reached XP level 13. HP: 125/125 MP: 12/12
 18575 | Lair:3   | Found a gate leading to a gauntlet.
 18605 | Gauntlet | Entered a Gauntlet
 18605 | Gauntlet | Found a transporter.
 18605 | Gauntlet | Found a transporter.
 18618 | Gauntlet | Found a transporter.
 18636 | Gauntlet | Found a transporter.
 18636 | Gauntlet | Found a transporter.
 18636 | Gauntlet | Found a transporter.
 18638 | Gauntlet | Found a transporter.
 18638 | Gauntlet | Found a transporter.
 18650 | Gauntlet | Found a transporter.
 18666 | Gauntlet | Found a transporter.
 18676 | Gauntlet | Found a transporter.
 18691 | Gauntlet | Found a transporter.
 18711 | Gauntlet | Found a transporter.
 18724 | Gauntlet | Found a transporter.
 19123 | Gauntlet | Reached skill level 15 in Fighting
 19316 | Gauntlet | Identified the ring "Fitucwux" {*Corrode Fly MP+9 Str+5
                  | Slay+5}
 19374 | Gauntlet | Found the amulet of the Four Winds {rN+ Will+++ Clar}
 19374 | Gauntlet | Identified the ring of Day {EV+4 Dex+6}
 19374 | Gauntlet | Noticed a minotaur
 19382 | Gauntlet | Killed a minotaur
 19387 | Gauntlet | Identified the ring "Geasapn" {rPois Str+10 Int+2 Dex+4
                  | Slay+3}
 19436 | Gauntlet | Identified the +1 robe of the Valley of Death {Str+3 Dex+3}
 20302 | Lair:4   | Reached skill level 16 in Fighting
 20369 | Lair:4   | Found a staircase to the Swamp.
 20705 | Lair:4   | Noticed Urug
 20712 | Lair:4   | Killed Urug
 20829 | Lair:4   | Found a staircase to the Snake Pit.
 20896 | Lair:4   | Reached skill level 17 in Fighting
 21276 | Lair:5   | Reached skill level 18 in Fighting
 21315 | Lair:5   | Identified the +0 chain mail of the Turtle {rPois}
 21394 | Lair:5   | Reached skill level 5 in Dodging
 21417 | Lair:5   | Reached XP level 14. HP: 125/144 MP: 13/13
 21613 | Lair:5   | Noticed Sonja
 21636 | Lair:5   | Killed Sonja
 21709 | Lair:5   | Reached ***** piety under Trog
 21710 | Lair:5   | Reached skill level 19 in Fighting
 22352 | Lair:6   | Entered Level 6 of the Lair of Beasts
 22406 | Lair:6   | Noticed Kirke
 22415 | Lair:6   | Reached skill level 20 in Fighting
 22417 | Lair:6   | Killed Kirke
 22500 | Lair:6   | Received a gift from Trog
 22518 | Lair:6   | Found a viscous altar of Jiyva.
 22518 | Lair:6   | Found a staircase to the Slime Pits.
 22709 | Lair:6   | Reached skill level 21 in Fighting
 23493 | Lair:6   | Found a runed translucent door.
 23778 | Lair:6   | Reached XP level 15. HP: 136/160 MP: 14/14
 23928 | Snake:1  | Entered Level 1 of the Snake Pit
 23997 | Swamp:1  | Entered Level 1 of the Swamp
 24018 | Swamp:1  | Reached skill level 22 in Fighting
 24973 | Swamp:2  | Noticed Aizul
 24993 | Swamp:2  | Killed Aizul
 25747 | Swamp:2  | Found a shimmering blue altar of Sif Muna.
 26303 | Swamp:3  | Identified Roxanne's Reference Book on the Mountains
 26303 | Swamp:3  | Noticed Roxanne
 26326 | Swamp:3  | Killed Roxanne
 26629 | Swamp:3  | Reached skill level 23 in Fighting
 26937 | Swamp:3  | Noticed Louise
 26956 | Swamp:3  | Killed Louise
 27371 | Swamp:3  | HP: 3/163 [constriction (17)]
 27918 | Swamp:3  | Noticed Donald
 27930 | Swamp:3  | Killed Donald
 28174 | Swamp:3  | Cast into level 3 of the Abyss (unwielding a weapon of
                  | distortion)
 28352 | Abyss:3  | Noticed a lich
 28359 | Abyss:3  | Killed a lich
 28412 | Abyss:3  | Noticed a revenant
 28416 | Abyss:3  | Killed a revenant
 28487 | Abyss:3  | Found a corrupted altar of Lugonu.
 28507 | Abyss:3  | HP: 3/165 [stone wall collision (11)]
 28519 | Abyss:3  | HP: 1/165 [stone wall collision (10)]
 28561 | Swamp:3  | Escaped the Abyss
 28963 | Swamp:4  | Entered Level 4 of the Swamp
 28976 | Swamp:4  | HP: 6/165 [alligator (8)]
 29184 | Swamp:4  | Noticed a thorn hunter
 29196 | Swamp:4  | HP: 4/165 [swamp dragon (13)]
 30175 | Swamp:4  | Reached XP level 16. HP: 49/174 MP: 15/15
 30823 | Swamp:4  | Killed a thorn hunter
 30904 | Swamp:4  | Noticed the 27-headed Lernaean hydra
 30914 | Swamp:4  | HP: 5/261 [the 25-headed Lernaean hydra (9)]
 30914 | Swamp:4  | HP: 1/261 [the 25-headed Lernaean hydra (4)]
 30914 | Swamp:4  | Mangled by the 25-headed Lernaean hydra

Illustrated notes

Levels and vault maps discovered:
D:1:      ncdulo_halloftheorcs, layout_basic,
          shapermc_ecumenical_altar_mp_urbaneastern
D:2:      wad_lake_hut, layout_basic, cheibrodos_gnoll_hut
D:3:      layout_rooms, serial_corexii_hall, chequers_hall_statues_y,
          corexii_hall_statues_i
D:4:      layout_rooms, minmay_temple_entry_drinking_statues,
          lightli_corner_chamber
D:5:      layout_cave_pools, sigmund_edmund_badplayer
D:6:      layout_rooms, nicolae_overflow_crystal_walls,
          overflow_temple_1_default, serial_shops, nicolae_square_shop,
          grunt_decor_junction, chequers_arboretum, uniq_menkaure
D:7:      layout_loops_corners, chequers_temple_overflow_statue_of_worship,
          serial_shops, nicolae_stop_n_shop_2, uniq_prince_ribbit1, uniq_maggie
D:8:      layout_basic, mainiacjoe_overflow_divided_tiny
D:9:      layout_basic, serial_shops, nicolae_stop_n_shop_1, shop_statue,
          nicolae_shop_bloodbath_and_beyond, nicolae_shop_crystal,
          kennysheep_mini_moat
D:10:     layout_long_grid, erik_orc_1, nicolae_trove_entry_free_sample
D:11:     layout_irregular_city, dpeg_oklobed_lair, serial_shops, shop
Lair:1:   minmay_lair_oklob_tunnel, layout_small_grid,
          portal_ice_cave_entry_imps
Lair:2:   layout_cave_pods, st_stairs_6
Lair:3:   layout_cave_pods, gauntlet_entry_generic, st_stairs_10,
          infiniplex_staircase_pool_2
Lair:4:   layout_long_grid, minmay_swamp_entry_worms,
          minmay_snake_entry_guardpost_medium, uniq_urug
Lair:5:   layout_gridlike, minmay_shattered_shrine, uniq_sonja
Lair:6:   wormcave, layout_misc_corridors, guppyfry_lair_end_dragon,
          slime_altar_1, uniq_kirke
Swamp:1:  layout_falls_marsh, nicolae_swamp_round_clearing
Swamp:2:  layout_falls_marsh, lemuel_altar_in_water, swamp_pool3, uniq_aizul
Swamp:3:  layout_basic_swamp, nicolae_swamp_fairy_circle, swamp_pool5,
          infiniplex_staircase_pool, uniq_roxanne, uniq_louise, uniq_donald
Swamp:4:  grunt_swamp_rune_castle, layout_basic_swamp,
          gammafunk_ghost_hydra_chop
Snake:1:  layout_layer_cave
Orc:1:    layout_diamond_mine, rock_pile
Orc:2:    st_orc_mages, layout_caves, nicolae_alphabet_shops

Skill      XL: |  1  2  3  4  5  6  7  8  9 10 11 12 13 14 15 |
---------------+----------------------------------------------+-----
Axes           | 4 5 6 7 8 10 12 13 14 | 14.9
Fighting       | 4 5 6 7 9 10 11 14 18 21 23 | 23.9
Armour         | 3 4 5 6 7 9 11 13 16 | 16.2
Shields        | 1 5 7 |  7.4
Dodging        | 3 5 6 9 |  9.8

Action                   |  1- 3 |  4- 6 |  7- 9 | 10-12 | 13-15 | 16-18 || total
-------------------------+-------+-------+-------+-------+-------+-------++-------
Melee: Hand axe          |    85 |   104 |    71 |   836 |   706 |       ||  1802
       Headbutt          |     5 |    13 |    27 |   232 |   217 |    10 ||   504
       War axe           |       |       |    65 |    36 |       |       ||   101
       Punch             |       |       |     3 |       |       |       ||     3
       Broad axe         |       |       |       |       |   149 |    28 ||   177
Invok: Berserk           |     1 |     4 |    12 |    29 |    29 |     3 ||    78
       Trog's Hand       |       |     3 |     4 |    34 |    25 |     3 ||    69
       Brothers in Arms  |       |       |       |       |     1 |       ||     1
  Use: Scroll            |       |       |     9 |    18 |    11 |       ||    38
       Potion            |       |       |       |       |     5 |       ||     5
 Stab: Distracted        |       |       |       |       |     1 |       ||     1
Armor: Ring mail         |     6 |       |       |       |       |       ||     6
       Plate armour      |    45 |    92 |    60 |   438 |   384 |       ||  1019
       Skin              |       |       |       |       |     1 |       ||     1
       Steam dragon scal |       |       |       |       |   106 |    38 ||   144
       Chain mail        |       |       |       |       |    22 |       ||    22
Dodge: Dodged            |    29 |    49 |    55 |   255 |   430 |    32 ||   850
Block: Buckler           |       |       |       |   187 |   154 |       ||   341
       Reflection        |       |       |       |     7 |     1 |       ||     8
       Kite shield       |       |       |       |       |   102 |    22 ||   124
       Tower shield      |       |       |       |       |    11 |       ||    11

Table legend: (Time is in decaauts)
 A = Elapsed time spent in this place.
 B = Non-inter-level travel time spent in this place.
 C = Inter-level travel time spent in this place.
 D = Time resting spent in this place.
 E = Time spent auto-exploring this place.
 F = Levels seen in this place.
 G = Mean time per level.
                   A        B        C        D        E       F      G
               +--------+--------+--------+--------+--------+-----+--------+
         Total |  31379 |  30240 |   1139 |  11612 |  12756 |  28 | 1120.7 |
       Dungeon |  12379 |  11846 |    533 |   3725 |   6285 |  11 | 1125.4 |
          Lair |   7926 |   7572 |    354 |   1895 |   4083 |   6 | 1321.0 |
         Swamp |   6803 |   6674 |    129 |   4293 |   1460 |   4 | 1700.8 |
     Snake Pit |      1 |      1 |      0 |      0 |      0 |   1 |    1.0 |
  Orcish Mines |   1619 |   1497 |    122 |    359 |    687 |   2 |  809.5 |
         Abyss |    757 |    757 |      0 |    339 |      0 |   2 |  378.5 |
      Ice Cave |   1054 |   1054 |      0 |    681 |    114 |   1 | 1054.0 |
      Gauntlet |    838 |    838 |      0 |    316 |    126 |   1 |  838.0 |
               +--------+--------+--------+--------+--------+-----+--------+

Top non-repeatable levels by time:
 Swamp:3: 2701 daAuts
  Lair:1: 2271 daAuts
 Swamp:4: 1721 daAuts
    D:10: 1650 daAuts
  Lair:6: 1561 daAuts
     D:7: 1404 daAuts
     D:2: 1350 daAuts
  Lair:5: 1341 daAuts
 Swamp:1: 1263 daAuts
    D:11: 1205 daAuts
     D:9: 1153 daAuts
     D:8: 1132 daAuts
 Swamp:2: 1116 daAuts
     D:4: 1104 daAuts
   Orc:2: 1087 daAuts
